[Event "Early-Titled-Tuesday-Blitz-October-03-2023"]
[Site "Chess.com"]
[Date "2023.10.03"]
[Round "2"]
[White "SAInt_666"]
[Black "MMAHDI2013"]
[Result "1/2-1/2"]
[WhiteElo "2659"]
[BlackElo "2391"]
[TimeControl "180+1"]
[EndTime "8:21:19 PDT"]
[Termination "Game drawn by stalemate"]

1. e4 c6 2. d4 d5 3. exd5 cxd5 4.
Bd3 Nf6 5. c3 Bg4 6. Qb3 Qc7 7.
h3 Bd7 8. Nf3 e6 9. O-O Bd6 10.
Re1 Bc6 11. Bg5 Nbd7 12. Nbd2 O-O 13. Re2 h6 14. Be3 Nh5 15. Rae1 Nf4 16. Bxf4 Bxf4 17. Nf1 b5 18. a3 Rab8 19. Bb1 Rfc8 20. Qc2 Nf8 21. Ne5 Be8 22. g3 Bxe5 23. Rxe5 a5 24. R5e3 b4 25. axb4 axb4 26. Nd2 bxc3 27. bxc3 Qb7 28.
Nf3 Qb2 29. Ne5 Qxc2 30. Bxc2 Rb2 31. Rc1 Ra2 32. Bd1 Ra3 33. c4 Rxe3 34. fxe3 dxc4 35. Rxc4 Rxc4 36. Nxc4 Ng6 37. Nd6 Bc6 38. Kf2 Kf8 39.
Bc2 Ke7 40. Nc4 Nf8 41. h4 Be8 42. e4 Nd7 43. Ke3 Nf6 44. Bd1 Bb5 45. Ne5 Nd7 46.
Nf3 Nf6 47. Nd2 Nd7 48. Bf3 f6 49. Nb1 e5 50. d5 Kd6 51. Nc3 Bc4 52. Bg4 Nc5 53. Bf5 Nb3 54. Nd1 Nd4 55. Bg6 f5 56. Nb2 Bb3 57. Bxf5 Bxd5 58. Bh3 Bb3 59. Bf1 Nc2+ 60.
Kf2 Nd4 61. Bd3 Be6 62. Ke3 Ke7 63. Nd1 Kf6 64. Nc3 g5 65. Bb1 gxh4 66. gxh4 Kg6 67. Kf2 Kh5 68. Kg3 Kg6 69. Bd3 Kf6 70. Na4 Bb3 71. Nc3 Bc2 72. Bc4 Bb3 73. Ba6 Be6 74. Bb7 Ke7 75. Ba6 Kd6 76. Bd3 Kc5 77. Kf2 Kb4 78.
Nd1 Kb3 79. Ke3 Bg4 80. Nf2 Bh5 81. Nh3 Kb2 82. Nf2 Kc1 83. Nh1 Nf3 84. Ng3 Bg4 85.
Be2 Nh2 86. Bd3 Kd1 87. Nf5 Ke1 88. Nxh6 Bh5 89. Nf5 Ng4+ 90. Kf3 Nf6+ 91. Kg3 Kd2 92. Bb1 Kc1 93. Bd3 Kd2 94. Bb1 Kc1 95. Ba2 Nxe4+ 96.
Kg2 Kd2 97. Bd5 Nf6 98. Be6 e4 99. Ng3 e3 100. Bc4 Bg4 101. Nf1+ Kc3 102. Nxe3 Bh5 103. Be6 Kd4 104. Nc2+ Ke5 105. Bh3 Kf4 106. Ne1 Ne4 107. Nd3+ Ke3 108. Ne5 Kf4 109. Nd3+ Ke3 110. Ne1 Kf4 111. Nc2 Bf3+ 112. Kh2 Bd1 113. Nd4 Bh5 114. Ne6+ Ke5 115. Ng7 Bf7 116. Bg2 Nf6 117. Kg3 Nh5+ 118. Nxh5 Bxh5 119. Bh3 Bf7 120. Bf1 Kf6 121. Be2 Kg7 122. Kf4 Bg8 123. Bf3 Kh8 124. Bg4 Ba2 125. Kg5 Bg8 126. Kh6 Ba2 127. h5 Bg8 128. Kg5 Ba2 129. h6 Bg8 130. Kf6 Bh7 131. Bf5 Bxf5 132. Kxf5 Kh7 133. Kg5 Kh8 134. Kg6 Kg8 135. h7+ Kh8 136. Kh6 1/2-1/2

[Event "Early-Titled-Tuesday-Blitz-October-03-2023"]
[Site "Chess.com"]
[Date "2023.10.03"]
[Round "2"]
[White "Russian_berezka"]
[Black "igorkovalenko"]
[Result "1/2-1/2"]
[WhiteElo "2606"]
[BlackElo "2864"]
[TimeControl "180+1"]
[EndTime "8:21:21 PDT"]
[Termination "Game drawn by repetition"]

1. d4 Nf6 2. c4 e6 3. Nf3 Bb4+ 4. Nbd2 a5 5. a3 Bxd2+ 6. Qxd2 d5 7. b3 O-O 8. e3 Nbd7 9. Be2 c5 10. Bb2 Qb6 11.
Qc2 a4 12. bxa4 Qa5+ 13. Qd2 Qxa4 14. dxc5 dxc4 15. Qb4 Nd5 16. Qxa4 Rxa4 17. Nd2 c3 18. Bc1 cxd2+ 19. Bxd2 Nxc5 20. O-O Ne4 21. Bc1 Bd7 22.
Bb2 Nd6 23. Rfc1 Bb5 24. Bd1 Raa8 25. a4 Bc6 26. Ba3 Rfd8 27. Bc5 Ne4 28. Bd4 f6 29. f3 Nd6 30. e4 Nf4 31. Bb6 Re8 32. Bc7 Red8 33.
Bxd8 Rxd8 34. Rc3 Ra8 35. g3 Ng6 36. a5 Ne7 37. Be2 Kf8 38. h4 e5 39. Kf2 Nb5 40. Rc5 Nd4 41. a6 bxa6 42. Rxa6 Rxa6 43. Bxa6 Ke8 44. Bf1 Kd7 45. Bh3+ Kd6 46. Rc1 Bb5 47. h5 h6 48. Ra1 Be8 49. Bg4 Nec6 50. Ra8 Bd7 51.
Bxd7 Kxd7 52. Rg8 Ne6 53. Ke3 Ncd8 54. f4 exf4+ 55. gxf4 Nf7 56. f5 Neg5 57. Rxg7 Ke7 58. Kf4 Nh3+ 59. Kg3 Ng5 60. Kf4 Kf8 61. Rg6 Nh7 62. Rg1 Ne5 63. Ra1 Ng5 64. Ra8+ Kg7 65. Ra7+ Ngf7 66. Rb7 Nd3+ 67. Kg4 Nc5 68. Rb4 Ne5+ 69.
Kg3 Kf7 70. Kg2 Kf8 71. Kg3 Ke7 72. Rd4 Nc6 73. Rc4 Kd6 74. Kf4 Nd3+ 75. Ke3 Nde5 76. Rc1 Nf7 77. Kf4 Ng5 78. Rd1+ Ke7 79. Ra1 Ne5 80. Ra7+ Kf8 81. Ra8+ Kg7 82. Ra7+ Ngf7 83. Re7 Nd3+ 84. Kg4 Nc5 85. Kf4 Nd3+ 86. Kg4 Kf8 87. Ra7 Nfe5+ 88. Kg3 Kg8 89. Rb7 Nc5 90. Rb8+ Kf7 91.
Kf4 Ned3+ 92. Ke3 Ne5 93. Kf4 Ned7 94. Rh8 Nf8 95. Rxh6 Nd3+ 96. Ke3 Ne5 97. Rg6 Nexg6 98. hxg6+ Kg7 99. Kf4 Nd7 100. Ke3 Ne5 101. Kd4 Kf8 102. Kd5 Ke7 103. Kc5 Ng4 104. Kd5 Ne5 105. Kc5 Nf3 106. Kd5 Kf8 107. Ke6 Kg7 108. Kd5 Kg8 109. Ke6 Kg7 110. Kd5 Ne5 111. Ke6 Ng4 112. Kd5 Ne3+ 113. Kd4 Nc2+ 114. Kd5 Nb4+ 115. Ke6 Nd3 116. Kd5 Ne5 117. Kd4 Ng4 118. Kd5 Kf8 119. Ke6 Kg8 120. Ke7 Kg7 121. Ke6 Kf8 122. Kd6 Kg7 123. Ke6 Ne5 124. Kd5 Nd3 125. Kd4 Ne5 126. Kd5 Kf8 127. Ke6 Ng4 128. Kd6 Kg7 129. Ke6 1/2-1/2

[Event "Early-Titled-Tuesday-Blitz-October-03-2023"]
[Site "Chess.com"]
[Date "2023.10.03"]
[Round "3"]
[White "inegrepus"]
[Black "MMAHDI2013"]
[Result "1/2-1/2"]
[WhiteElo "2184"]
[BlackElo "2386"]
[TimeControl "180+1"]
[EndTime "8:22:31 PDT"]
[Termination "Game drawn by repetition"]

1. d4 Nf6 2. c4 e6 3. g3 Bb4+ 4.
Bd2 Be7 5. Bg2 O-O 6. Nf3 d5 7. O-O c6 8. Qc2 Nbd7 9. Bf4 b6 10. Nbd2 Nh5 11. Be3 Nhf6 12. Bf4 Nh5 13. Be3 Nhf6 14.
Bf4 1/2-1/2

[Event "Early-Titled-Tuesday-Blitz-October-03-2023"]
[Site "Chess.com"]
[Date "2023.10.03"]
[Round "3"]
[White "AEMEffi"]
[Black "microbear"]
[Result "1-0"]
[WhiteElo "2392"]
[BlackElo "2195"]
[TimeControl "180+1"]
[EndTime "8:23:11 PDT"]
[Termination "AEMEffi won by resignation"]

1. d4 Nf6 2. c4 g6 3. Nc3 Bg7 4. e4 d6 5. h3 O-O 6. Nf3 e5 7. d5 c5 8. Be3 Nh5 9. Nd2 f5 10. exf5 Nf4 11. g3 Nh5 12. fxg6 hxg6 13. Bd3 Qe8 14. Nde4 1-0

[Event "Early-Titled-Tuesday-Blitz-October-03-2023"]
[Site "Chess.com"]
[Date "2023.10.03"]
[Round "3"]
[White "wqws"]
[Black "AttilaTurzo"]
[Result "1-0"]
[WhiteElo "2665"]
[BlackElo "2467"]
[TimeControl "180+1"]
[EndTime "8:23:21 PDT"]
[Termination "wqws won by checkmate"]

1. e4 c5 2. Nf3 d6 3. d4 cxd4 4. Nxd4 Nf6 5. Nc3 a6 6. Bg5 e6 7. f4 Be7 8. Qf3 Qc7 9. O-O-O Nbd7 10. Bd3 b5 11. Rhe1 Bb7 12. Qg3 b4 13. Nd5 exd5 14. exd5 Kf8 15. Nf5 Re8 16. Bh6 Nh5 17. Bxg7+ Kg8 18.
Nh6# 1-0

[Event "Early-Titled-Tuesday-Blitz-October-03-2023"]
[Site "Chess.com"]
[Date "2023.10.03"]
[Round "3"]
[White "cristiano78"]
[Black "verrbaa"]
[Result "0-1"]
[WhiteElo "2245"]
[BlackElo "2457"]
[TimeControl "180+1"]
[EndTime "8:23:28 PDT"]
[Termination "verrbaa won by resignation"]

1. d4 Nf6 2. c3 g6 3. Nf3 Bg7 4. g3 O-O 5. Bg2 d6 6. O-O Nbd7 7. Nbd2 e5 8. dxe5 dxe5 9. Nc4 Qe7 10. b3 e4 11. Bb2 exf3 0-1

[Event "Early-Titled-Tuesday-Blitz-October-03-2023"]
[Site "Chess.com"]
[Date "2023.10.03"]
[Round "3"]
[White "Cheer_Down"]
[Black "hakanazeri2"]
[Result "1-0"]
[WhiteElo "2423"]
[BlackElo "2597"]
[TimeControl "180+1"]
[EndTime "8:24:31 PDT"]
[Termination "Cheer_Down won by resignation"]

1. e4 c5 2. Nf3 d6 3. Bb5+ Bd7 4. Bxd7+ Qxd7 5. c4 Nf6 6. Nc3 g6 7. d4 cxd4 8. Nxd4 Nc6 9. f3 Bg7 10. Be3 O-O 11. O-O Rac8 12. b3 Qd8 13. Rc1 Qa5 14.
Qd2 Nd7 15. Rfd1 a6 16. Nd5 Rfe8 17. Nxc6 Qxd2 18. Ncxe7+ Kf8 19. Rxd2 Rxe7 20. Nxe7 Kxe7 21. Rcd1 Rc6 22. f4 1-0

[Event "Early-Titled-Tuesday-Blitz-October-03-2023"]
[Site "Chess.com"]
[Date "2023.10.03"]
[Round "3"]
[White "Alenzer"]
[Black "bylavochka"]
[Result "0-1"]
[WhiteElo "2100"]
[BlackElo "2336"]
[TimeControl "180+1"]
[EndTime "8:24:32 PDT"]
[Termination "bylavochka won by resignation"]

1. e4 c5 2. Nf3 d6 3. d4 cxd4 4. Nxd4 Nf6 5. Nc3 g6 6. Be3 Bg7 7. f3 Nc6 8. Qd2 O-O 9. g4 Bxg4 10. fxg4 Nxg4 11. Nxc6 bxc6 12. O-O-O Qa5 13. Bd4 Bh6 0-1

[Event "Early-Titled-Tuesday-Blitz-October-03-2023"]
[Site "Chess.com"]
[Date "2023.10.03"]
[Round "3"]
[White "Keeper0416"]
[Black "nrvignesh"]
[Result "0-1"]
[WhiteElo "2583"]
[BlackElo "2828"]
[TimeControl "180+1"]
[EndTime "8:24:34 PDT"]
[Termination "nrvignesh won by resignation"]

1. d4 Nf6 2. c4 e6 3. Nc3 Bb4 4. a3 Bxc3+ 5. bxc3 c5 6. f3 Nc6 7. e4 d6 8. Bg5 h6 9. Bh4 b6 10. Ne2 Qc7 11. Bxf6 gxf6 12. Ng3 h5 13. h4 cxd4 14. cxd4 e5 15. d5 Nd4 16. f4 Bg4 17. Qd3 Rc8 18.
Be2 Nxe2 19. Nxe2 Qxc4 20. Qxc4 Rxc4 0-1

[Event "Early-Titled-Tuesday-Blitz-October-03-2023"]
[Site "Chess.com"]
[Date "2023.10.03"]
[Round "3"]
[White "Arystanner"]
[Black "ArmanGhevondyanchess"]
[Result "1-0"]
[WhiteElo "2831"]
[BlackElo "2577"]
[TimeControl "180+1"]
[EndTime "8:24:35 PDT"]
[Termination "Arystanner won by checkmate"]

1. e4 c5 2. Nf3 Nc6 3. Bb5 g6 4. O-O Bg7 5. c3 Nf6 6. e5 Nd5 7. d4 cxd4 8. cxd4 O-O 9. Nc3 Nc7 10. Bf4 Nxb5 11. Nxb5 a6 12. Nc3 d5 13. exd6 exd6 14.
d5 Ne5 15. Nxe5 dxe5 16. Be3 f5 17. Bc5 Rf7 18. d6 Be6 19. Nd5 Bxd5 20. Qxd5 Qd7 21.
Rac1 Rc8 22. Bb4 Rc6 23. Rfd1 Kh8 24. Rxc6 bxc6 25. Qc4 Qb7 26. Bc3 Rd7 27. Qe6 e4 28. Qe8# 1-0

[Event "Early-Titled-Tuesday-Blitz-October-03-2023"]
[Site "Chess.com"]
[Date "2023.10.03"]
[Round "3"]
[White "Javylavilla"]
[Black "deribas12345"]
[Result "1-0"]
[WhiteElo "2373"]
[BlackElo "2556"]
[TimeControl "180+1"]
[EndTime "8:24:35 PDT"]
[Termination "Javylavilla won by checkmate"]

1. e4 c5 2. Nf3 d6 3. d4 cxd4 4. Nxd4 Nf6 5. Nc3 a6 6. Bg5 e6 7. f4 Be7 8. Qf3 h6 9. Bh4 Qc7 10. O-O-O Nbd7 11. Bxf6 Bxf6 12. g4 b5 13. Bxb5 axb5 14.
Ndxb5 Qb8 15. Nxd6+ Kf8 16. e5 Be7 17. Nxc8 Qxc8 18.
Rxd7 Bb4 19. Rhd1 Bxc3 20. Qxa8 Qxa8 21. Rd8+ Ke7 22. R1d7# 1-0

[Event "Early-Titled-Tuesday-Blitz-October-03-2023"]
[Site "Chess.com"]
[Date "2023.10.03"]
[Round "3"]
[White "MatyChess1"]
[Black "venturov"]
[Result "1-0"]
[WhiteElo "2734"]
[BlackElo "2485"]
[TimeControl "180+1"]
[EndTime "8:24:58 PDT"]
[Termination "MatyChess1 won by resignation"]

1. d4 Nf6 2. Bf4 e6 3. e3 c5 4.
Nf3 cxd4 5. exd4 b6 6. Nc3 Bb4 7. Bd3 O-O 8. O-O Ba6 9. Nb5 Bxb5 10. Bxb5 a6 11. Bd3 b5 12. a4 bxa4 13. Rxa4 Be7 14. Qe2 d6 15. Rfa1 Nd5 16. Bd2 Qb6 17. b3 Bf6 18. c4 Nc7 19. Ba5 Qa7 20. Bxc7 g6 21. Bxd6 Nc6 1-0

[Event "Early-Titled-Tuesday-Blitz-October-03-2023"]
[Site "Chess.com"]
[Date "2023.10.03"]
[Round "3"]
[White "GeorgiosSouleidis"]
[Black "Casper"]
[Result "1-0"]
[WhiteElo "2604"]
[BlackElo "2396"]
[TimeControl "180+1"]
[EndTime "8:25:03 PDT"]
[Termination "GeorgiosSouleidis won by resignation"]

1. e4 c5 2. Be2 g6 3. d3 Bg7 4. f4 Nc6 5. Nf3 e5 6. O-O d5 7. exd5 Qxd5 8. Nc3 Qd8 9. fxe5 Nxe5 10. Nxe5 Bxe5 11.
Qe1 Be6 12. Bf3 Qc7 13. Nd5 Qd6 14. Bf4 Bxf4 15. Nxf4 Qxf4 16. Bc6+ 1-0

[Event "Early-Titled-Tuesday-Blitz-October-03-2023"]
[Site "Chess.com"]
[Date "2023.10.03"]
[Round "3"]
[White "Wizard_97"]
[Black "BatboldNyamsuren0919"]
[Result "1-0"]
[WhiteElo "2527"]
[BlackElo "2296"]
[TimeControl "180+1"]
[EndTime "8:25:16 PDT"]
[Termination "Wizard_97 won by resignation"]

1. e4 c5 2. Nf3 Nc6 3. d4 cxd4 4.
Nxd4 g6 5. c4 Bg7 6. Be3 Nf6 7.
Nc3 O-O 8. Be2 d6 9. O-O Nxd4 10. Bxd4 Be6 11. f4 Qc8 12. b3 Bg4 13. Bxg4 Nxg4 14.
Nd5 Re8 15. Bxg7 Kxg7 16. Qd4+ e5 17. Qb2 Qc5+ 18. Kh1 Ne3 19. fxe5 dxe5 20. Qf2 1-0

[Event "Early-Titled-Tuesday-Blitz-October-03-2023"]
[Site "Chess.com"]
[Date "2023.10.03"]
[Round "3"]
[White "maurovargas01"]
[Black "LeoWin2012"]
[Result "0-1"]
[WhiteElo "1905"]
[BlackElo "2301"]
[TimeControl "180+1"]
[EndTime "8:25:31 PDT"]
[Termination "LeoWin2012 won by checkmate"]

1. e4 c6 2. Nc3 d5 3. d3 Nf6 4. f4 dxe4 5. dxe4 Qxd1+ 6. Kxd1 Bg4+ 7. Be2 Bxe2+ 8. Kxe2 Nbd7 9. Nf3 O-O-O 10. h3 Nc5 11. e5 Nfe4 12. Nxe4 Nxe4 13. Ke3 Ng3 14. Re1 Nf5+ 15. Kf2 e6 16. c3 Bc5+ 17. Kf1 Ng3# 0-1

[Event "Early-Titled-Tuesday-Blitz-October-03-2023"]
[Site "Chess.com"]
[Date "2023.10.03"]
[Round "3"]
[White "Khromkin"]
[Black "Kostya0705"]
[Result "1-0"]
[WhiteElo "2464"]
[BlackElo "2623"]
[TimeControl "180+1"]
[EndTime "8:25:32 PDT"]
[Termination "Khromkin won by checkmate"]

1. d4 Nf6 2. c4 e6 3. Nf3 d5 4.
Nc3 dxc4 5. e3 a6 6. Bxc4 c5 7. O-O Be7 8. Qe2 Nc6 9. Rd1 b5 10. Bb3 cxd4 11. exd4 Nb4 12. d5 Nbxd5 13. Nxd5 exd5 14. Bg5 Be6 15. Bxf6 gxf6 16. Nd4 Qd6 17.
Nxe6 fxe6 18. Qh5+ Kf8 19. Rxd5 Qf4 20. Rd7 Qf5 21.
Qh6+ Ke8 22. Rxe7+ Kxe7 23. Qg7+ Kd6 24. Rd1+ Kc6 25.
Qd7+ Kb6 26. Rd6+ Ka5 27. Qc7+ Kb4 28. Qc3# 1-0

[Event "Early-Titled-Tuesday-Blitz-October-03-2023"]
[Site "Chess.com"]
[Date "2023.10.03"]
[Round "3"]
[White "JosefineHeinemann"]
[Black "Fore_Man"]
[Result "1-0"]
[WhiteElo "2524"]
[BlackElo "2257"]
[TimeControl "180+1"]
[EndTime "8:25:32 PDT"]
[Termination "JosefineHeinemann won by resignation"]

1. Nf3 Nf6 2. d4 d5 3. g3 c5 4. Bg2 cxd4 5. O-O Bg4 6. Bg5 Bxf3 7. Bxf3 e5 8. c4 dxc4 9. Bxb7 Nbd7 10. Bxa8 Qxa8 11.
Qa4 Qc8 12. Qxa7 Bc5 13. Qa4 d3 14. exd3 cxd3 15. Nc3 O-O 16. Rad1 Bd4 17. Bxf6 gxf6 18. Nd5 Nc5 19. Ne7+ Kg7 20. Qxd4 exd4 21. Nxc8 Rxc8 22. b4 Ne4 23. Rxd3 Rc4 24. a3 Nc3 25. Kg2 Nb5 26. Rfd1 1-0

[Event "Early-Titled-Tuesday-Blitz-October-03-2023"]
[Site "Chess.com"]
[Date "2023.10.03"]
[Round "3"]
[White "tdf98pantani"]
[Black "Goi_Manne"]
[Result "0-1"]
[WhiteElo "2655"]
[BlackElo "2291"]
[TimeControl "180+1"]
[EndTime "8:25:48 PDT"]
[Termination "Goi_Manne won by resignation"]

1. c4 c6 2. e4 d5 3. exd5 cxd5 4. cxd5 Nf6 5. Nc3 Nxd5 6. Nf3 Nxc3 7. bxc3 g6 8. Bb5+ Bd7 9. a4 Bg7 10. O-O O-O 11. Re1 Nc6 12. Ba3 Re8 13. d4 e6 14.
h4 a6 15. Bxc6 Bxc6 16. h5 Bxf3 17. Qxf3 Qd5 18. Qxd5 exd5 19. Rxe8+ Rxe8 20. Rb1 gxh5 21. Rxb7 Bh6 22. Bd6 Bd2 23. Rc7 Re6 24. Be5 f6 25. Bg3 Re1+ 26. Kh2 Rc1 27. Rc6 Bxc3 28. Bh4 Bb2 29.
Rxa6 Bxd4 30. Rd6 Be5+ 31. Bg3 Bxd6 32. Bxd6 Ra1 0-1

[Event "Early-Titled-Tuesday-Blitz-October-03-2023"]
[Site "Chess.com"]
[Date "2023.10.03"]
[Round "3"]
[White "Barmen_EV"]
[Black "nitpicker"]
[Result "1-0"]
[WhiteElo "2449"]
[BlackElo "2250"]
[TimeControl "180+1"]
[EndTime "8:25:50 PDT"]
[Termination "Barmen_EV won by resignation"]

1. e4 c5 2. c3 g6 3. d4 cxd4 4. cxd4 d5 5. exd5 Nf6 6. Nc3 Nxd5 7. Nf3 Bg4 8. Bc4 Nxc3 9. bxc3 Qc7 10. Bxf7+ Kxf7 11. Ng5+ Kg7 12. Qxg4 Qxc3+ 13. Ke2 Qxa1 14. Qe6 Qxc1 15. Rxc1 Nc6 16. Rxc6 bxc6 17. Qf7+ Kh6 18. Ne6 Rb8 19. Qf4+ 1-0

[Event "Early-Titled-Tuesday-Blitz-October-03-2023"]
[Site "Chess.com"]
[Date "2023.10.03"]
[Round "3"]
[White "elcala"]
[Black "szachuspl"]
[Result "0-1"]
[WhiteElo "1728"]
[BlackElo "2509"]
[TimeControl "180+1"]
[EndTime "8:25:52 PDT"]
[Termination "szachuspl won by resignation"]

1. d4 Nf6 2. Nf3 g6 3. Bf4 Bg7 4. e3 O-O 5. Bd3 d6 6. c4 Nbd7 7. Nc3 Re8 8. Bg5 h6 9. Bh4 g5 10. Bg3 e5 11. dxe5 dxe5 12. Bf5 Qe7 13. Bxd7 Nxd7 14. h4 g4 15. Nh2 f5 16. f3 f4 17. Nd5 Qd8 18. Nxf4 exf4 19. Bxf4 Nf6 20. Qc2 Qe7 21. Rd1 Nh5 22. O-O Nxf4 23. exf4 g3 24. Ng4 Bxg4 25. fxg4 Qxh4 0-1

[Event "Early-Titled-Tuesday-Blitz-October-03-2023"]
[Site "Chess.com"]
[Date "2023.10.03"]
[Round "3"]
[White "Fradi82"]
[Black "knightinshiningarmour16"]
[Result "1-0"]
[WhiteElo "2327"]
[BlackElo "2093"]
[TimeControl "180+1"]
[EndTime "8:25:52 PDT"]
[Termination "Fradi82 won by checkmate"]

1. e4 c6 2. d4 d5 3. e5 Bf5 4.
Bd3 Bxd3 5. Qxd3 e6 6. Ne2 c5 7. c3 cxd4 8. cxd4 Nc6 9. Nbc3 Bb4 10. O-O Nge7 11. f4 g6 12. Kh1 O-O 13. a3 Ba5 14.
b4 Bc7 15. Be3 Nf5 16. Bg1 h5 17. Ng3 Nxg3+ 18. Qxg3 Bb6 19. Ne2 Ne7 20. Qd3 Nf5 21.
Ng3 Nh6 22. Be3 Rc8 23. f5 Nxf5 24. Nxf5 exf5 25. Bh6 Re8 26. Rxf5 gxf5 27. Qg3+ Kh7 28. Qg7# 1-0

[Event "Early-Titled-Tuesday-Blitz-October-03-2023"]
[Site "Chess.com"]
[Date "2023.10.03"]
[Round "3"]
[White "Caterpiller35"]
[Black "Rutricks"]
[Result "1-0"]
[WhiteElo "2487"]
[BlackElo "2665"]
[TimeControl "180+1"]
[EndTime "8:26:04 PDT"]
[Termination "Caterpiller35 won by resignation"]

1. d4 g6 2. e4 Bg7 3. Nc3 c6 4.
h4 d5 5. h5 dxe4 6. Nxe4 f5 7.
Ng5 Bxd4 8. Bc4 Bxf2+ 9. Ke2 Qxd1+ 10. Kxd1 Bxg1 11. hxg6 Bd4 12. Rxh7 e6 13. Bxe6 Ne7 14. Bxc8 Nxc8 15. Ne6 Rxh7 16. gxh7 Kf7 17. Nxd4 Kg7 18.
Ne6+ 1-0

[Event "Early-Titled-Tuesday-Blitz-October-03-2023"]
[Site "Chess.com"]
[Date "2023.10.03"]
[Round "3"]
[White "RamonManon0g"]
[Black "SanchezKelvin"]
[Result "0-1"]
[WhiteElo "2267"]
[BlackElo "2610"]
[TimeControl "180+1"]
[EndTime "8:26:04 PDT"]
[Termination "SanchezKelvin won by resignation"]

1. e4 e5 2. Nf3 Nc6 3. Bc4 Bc5 4. c3 Nf6 5. d4 exd4 6. e5 d5 7. Bb5 Ne4 8. cxd4 Bb4+ 9. Nbd2 Bg4 10. Bxc6+ bxc6 11. Qa4 Bxd2+ 12. Nxd2 Nxd2 13. Qxc6+ Bd7 14. Qxd5 c6 15. Qd6 Nc4 16. Qc5 Qa5+ 17. Qxa5 Nxa5 18. Ke2 Be6 19. Bd2 Nc4 20. Bc3 Bd5 21. f3 Kd7 22. Rac1 Nb6 23. Ba5 Bxa2 24. Rc5 Bd5 25. Rhc1 Rhb8 26.
b4 a6 27. g4 Rb7 28. f4 Nc8 29. f5 Na7 30. Ke3 Nb5 31. h4 Nc7 32. g5 g6 33.
Kf4 gxf5 34. Kxf5 Ne6 35. R5c3 Nxd4+ 36. Kf6 Ne2 0-1

[Event "Early-Titled-Tuesday-Blitz-October-03-2023"]
[Site "Chess.com"]
[Date "2023.10.03"]
[Round "3"]
[White "Djager97"]
[Black "Jojo_898"]
[Result "1-0"]
[WhiteElo "2582"]
[BlackElo "2379"]
[TimeControl "180+1"]
[EndTime "8:26:09 PDT"]
[Termination "Djager97 won by resignation"]

1. e4 d6 2. d4 Nf6 3. Nc3 g6 4. Nf3 c6 5. Be3 b5 6. Bd3 Bg7 7. Qd2 h5 8. O-O-O b4 9. Ne2 Qa5 10. Kb1 Be6 11. Nc1 Nbd7 12. Nb3 Qa4 13. e5 dxe5 14.
dxe5 Nd5 15. Nfd4 Nxe3 16. Qxe3 Nxe5 17. Nxe6 fxe6 18. f4 Nxd3 19. Rxd3 e5 20. Nc5 O-O 21. Nxa4 1-0

[Event "Early-Titled-Tuesday-Blitz-October-03-2023"]
[Site "Chess.com"]
[Date "2023.10.03"]
[Round "3"]
[White "kidagent"]
[Black "azikom"]
[Result "0-1"]
[WhiteElo "2261"]
[BlackElo "2592"]
[TimeControl "180+1"]
[EndTime "8:26:22 PDT"]
[Termination "azikom won by resignation"]

1. c4 c5 2. g3 g6 3. Bg2 Bg7 4. Nc3 Nc6 5. Nf3 h5 6. d3 d6 7. e4 Nf6 8. Be3 Ng4 9. Qd2 Nxe3 10. fxe3 Bg4 11. h3 Bd7 12. O-O-O Qa5 13. Kb1 O-O-O 14. d4 Kb8 15. d5 Ne5 16. Nxe5 Bxe5 17. Ne2 Qa6 18.
Rc1 b5 19. cxb5 Bxb5 20. Bf1 Ka8 21. Nf4 Rb8 22. b3 Qa3 23. Rh2 h4 24. gxh4 Rxh4 25. Bxb5 Rxb5 26. Qc2 g5 27. Qc4 Rb4 0-1

[Event "Early-Titled-Tuesday-Blitz-October-03-2023"]
[Site "Chess.com"]
[Date "2023.10.03"]
[Round "3"]
[White "Vaathi_Coming"]
[Black "YouJustFoundYourGodfather"]
[Result "1-0"]
[WhiteElo "2868"]
[BlackElo "2641"]
[TimeControl "180+1"]
[EndTime "8:26:26 PDT"]
[Termination "Vaathi_Coming won by resignation"]

1. d4 e6 2. Nf3 b6 3. e4 Bb7 4. Bd3 c5 5. c3 Nf6 6. e5 Nd5 7. O-O Nc6 8. a3 cxd4 9. cxd4 Be7 10. Nc3 Nxc3 11. bxc3 d6 12. exd6 Qxd6 13. Ng5 Bxg5 14. Bxg5 Qd5 15. Qg4 Ne5 16. dxe5 Qxd3 17. Rfd1 Qe4 18.
Qg3 O-O 19. Rd4 Qf5 20. Bf6 g6 21. Rf4 Qc2 22. Qg5 Qxc3 23. Rf1 Qc6 24. Rg4 1-0

[Event "Early-Titled-Tuesday-Blitz-October-03-2023"]
[Site "Chess.com"]
[Date "2023.10.03"]
[Round "3"]
[White "Jospem"]
[Black "Rodalquilar"]
[Result "1-0"]
[WhiteElo "3065"]
[BlackElo "2726"]
[TimeControl "180+1"]
[EndTime "8:26:27 PDT"]
[Termination "Jospem won by resignation"]

1. e4 d5 2. exd5 Qxd5 3. Nf3 Bg4 4. Be2 Nc6 5. O-O O-O-O 6. h3 Bxf3 7. Bxf3 Qd7 8. c3 e5 9. b4 f5 10. b5 Nb8 11. d4 e4 12. Be2 Nf6 13. Qa4 a6 14.
Qb3 axb5 15. Bxb5 c6 16. Bc4 Nd5 17. Bg5 Be7 18. Bxd5 cxd5 19. Bxe7 Qxe7 20. c4 dxc4 21. Qxc4+ Qc7 22. Qb5 Rhf8 23. Na3 Rxd4 24. Rac1 Nc6 25. Qc5 Qd6 26. Qb6 Qxa3 27. Qxd4 Qxc1 28. Rxc1 1-0

[Event "Early-Titled-Tuesday-Blitz-October-03-2023"]
[Site "Chess.com"]
[Date "2023.10.03"]
[Round "3"]
[White "B_nn_t"]
[Black "TregubovP"]
[Result "0-1"]
[WhiteElo "2406"]
[BlackElo "2615"]
[TimeControl "180+1"]
[EndTime "8:26:35 PDT"]
[Termination "TregubovP won by resignation"]

1. Nf3 d5 2. g3 Nf6 3. Bg2 c5 4. O-O Nc6 5. d4 cxd4 6. Nxd4 e5 7. Nxc6 bxc6 8. c4 Be6 9. Nc3 Rc8 10. cxd5 cxd5 11. Bg5 d4 12. Ne4 Be7 13. Nxf6+ Bxf6 14. Qa4+ Qd7 15. Qxd7+ Kxd7 16. Bxf6 gxf6 17. Rfc1 Rxc1+ 18. Rxc1 Rb8 19. b3 a5 20. Kf1 Rb6 21. Be4 f5 22. Bd3 Kd6 23. f4 e4 24. Bc4 Rc6 25. Rd1 Bxc4 26. bxc4 Rxc4 27. Rb1 Rb4 28. Rc1 Rb2 29. Rc4 Rb4 30. Rc8 Kd5 31. Rf8 Rb1+ 32. Kf2 Rb2 33. Rxf7 d3 34. Rxf5+ Kd4 35. Rf8 Rxe2+ 36.
Kf1 Rxa2 37. f5 Ke3 38. Rd8 Rf2+ 39. Ke1 d2+ 40. Kd1 Rf1+ 41. Kc2 Rc1+ 42. Kb2 d1=Q 0-1

[Event "Early-Titled-Tuesday-Blitz-October-03-2023"]
[Site "Chess.com"]
[Date "2023.10.03"]
[Round "3"]
[White "invisible_s0ul"]
[Black "ChessRespected"]
[Result "0-1"]
[WhiteElo "2299"]
[BlackElo "2530"]
[TimeControl "180+1"]
[EndTime "8:26:37 PDT"]
[Termination "ChessRespected won by resignation"]

1. e4 e5 2. Nf3 Nc6 3. Bb5 a6 4. Ba4 b5 5. Bb3 Nf6 6. O-O Bc5 7. Re1 d6 8. c3 h6 9. a4 Rb8 10. axb5 axb5 11. d4 Bb6 12. h3 O-O 13. Na3 b4 14.
Nc4 bxc3 15. bxc3 exd4 16. cxd4 Re8 17. Ba4 Bd7 18. e5 Nd5 19. exd6 Nc3 20. Rxe8+ Qxe8 21.
Qc2 Nxa4 22. dxc7 Bxc7 23. Rxa4 Nxd4 24. Qd1 Nxf3+ 25. gxf3 Bxa4 0-1

[Event "Early-Titled-Tuesday-Blitz-October-03-2023"]
[Site "Chess.com"]
[Date "2023.10.03"]
[Round "3"]
[White "lrestevez"]
[Black "tylityli"]
[Result "0-1"]
[WhiteElo "2109"]
[BlackElo "2336"]
[TimeControl "180+1"]
[EndTime "8:26:37 PDT"]
[Termination "tylityli won by resignation"]

1. e4 e5 2. Nf3 Nc6 3. Bb5 a6 4. Ba4 Nf6 5. O-O Be7 6. Re1 b5 7. Bb3 O-O 8. c3 d6 9. h3 Nd7 10. d3 Bf6 11. Nbd2 g6 12. Nf1 Bg7 13. Ng3 h6 14.
Qe2 Kh7 15. Bd2 f5 16. exf5 gxf5 17. Bc2 Ne7 18. Rad1 Bb7 19. Bc1 Ng6 20. Nh5 Nf6 21. Nxg7 Kxg7 22. Nh2 Qd7 23. Rf1 Rae8 24. Rde1 Nd5 25.
Qh5 Ndf4 26. Bxf4 Nxf4 27. Qh4 Nxg2 28. Qg3+ Kh8 29. Qg6 Re6 30. Qh5 Rg8 31. Ng4 0-1